 Dungeon Crawl Stone Soup version 0.24-a0-434-gd57e52fea8 (webtiles) character file.

Game seed: 15032233507586873130

17472 Eitelfritz the Spear-Bearer (level 12, -1/95 HPs)
             Began as a Demonspawn Gladiator on June 16, 2019.
             Was a Believer of Dithmenos.
             Slain by a wyvern skeleton (10 damage)
             ... on level 11 of the Dungeon.
             The game lasted 01:05:04 (14791 turns).

Eitelfritz the Spear-Bearer (Demonspawn Gladiator) Turns: 14791, Time: 01:05:05

Health: -1/95      AC: 14    Str: 15    XL:     12   Next: 19%
Magic:  13/14      EV: 15    Int: 11    God:    Dithmenos [**....]
Gold:   248        SH:  0    Dex: 15    Spells: 10/12 levels left

rFire    + . .     SeeInvis +   a - +0 trident
rCold    + . .     Gourm    .   (no shield)
rNeg     + + +     Faith    .   h - +1 ring mail "Tiraloru" {rF+ rN+++ Dex-3 SInv}
rPois    .         Spirit   .   (helmet unavailable)
rElec    .         Reflect  .   i - +0 cloak
rCorr    .         Harm     .   r - +2 pair of gloves
MR       .....                  (no boots)
Stlth    +++++.....             (no amulet)
HPRegen  0.25/turn              n - ring of flight
MPRegen  0.14/turn              t - ring of wizardry

@: wreathed by umbra
A: antennae 3, iridescent scales 1, cold resistance 1, nightstalker 1, freezing
cloud immunity
a: Shadow Step, Renounce Religion, Evoke Flight


You were on level 11 of the Dungeon.
You worshipped Dithmenos.
Dithmenos was pleased with you.
You were not hungry.

You visited 2 branches of the dungeon, and saw 12 of its levels.
You also visited: Sewer.

You collected 918 gold pieces.
You spent 670 gold pieces at shops.

Inventory:

Hand Weapons
 a - a +0 trident (weapon)
 b - a +2 halberd of venom
 c - a +0 shortbow
Missiles
 d - 4 throwing nets (quivered)
 e - 12 boomerangs
 s - 49 poisoned darts
 z - 176 arrows
 E - 5 javelins
Armour
 h - the +1 ring mail "Tiraloru" (worn) {rF+ rN+++ Dex-3 SInv}
   (You took it off an orc on level 5 of the Dungeon)

   It affects your dexterity (-3).
   It protects you from fire.
   It renders you almost immune to negative energy.
   It lets you see invisible.
 i - a +0 cloak (worn)
 r - a +2 pair of gloves (worn)
Jewellery
 n - a ring of flight (left hand)
 t - a ring of wizardry (right hand)
Wands
 o - a wand of paralysis (22)
 q - a wand of random effects (38)
 A - a wand of enslavement (5)
 C - a wand of flame (8)
Scrolls
 j - 4 scrolls of remove curse
 k - 4 scrolls of teleportation
 x - a scroll of amnesia
Potions
 g - a potion of mutation
 l - a potion of brilliance
 p - 3 potions of curing
 v - a potion of invisibility {unknown}
 w - 3 potions of flight
 y - 3 potions of lignification
 B - a potion of agility {unknown}
 F - a potion of degeneration {unknown}
Comestibles
 f - 24 rations
 u - 5 chunks of flesh


   Skills:
 + Level 9.0 Fighting
 + Level 12.4 Polearms
 + Level 0.4 Bows
 + Level 4.0 Throwing
 + Level 6.6 Armour
 + Level 6.7 Dodging
 + Level 6.5 Stealth
 + Level 0.7 Spellcasting
 + Level 0.3 Hexes
 + Level 3.6 Evocations


You had 10 spell levels left.
You knew the following spells:

 Your Spells              Type           Power        Failure   Level  Hunger
a - Confusing Touch       Hex            #.....       21%         1    ##.....
b - Magic Dart            Conj           #...         24%         1    ##.....

Your spell library contained the following spells:

 Spells                   Type           Power        Failure   Level  Hunger
 Slow                     Hex            #.......     30%         2    ###....
 Blink                    Tloc           N/A          32%         2    ###....
 Call Imp                 Summ           #.......     32%         2    ###....
 Confuse                  Hex            #.......     50%         3    ####...
 Conjure Flame            Conj/Fire      #.......     54%         3    ####...
 Gell's Gravitas          Tloc           #.........   54%         3    ####...
 Mephitic Cloud           Conj/Pois/Air  #.......     54%         3    ####...
 Petrify                  Tmut/Erth      #.......     90%         4    #####..
 Bolt of Magma            Conj/Fire/Erth #.........   99%         5    ######.
 Iskenderun's Battlesphe  Conj/Chrm      #.......     99%         5    ######.
 Metabolic Englaciation   Hex/Ice        #.........   99%         5    ######.
 Venom Bolt               Conj/Pois      #.........   99%         5    ######.
 Yara's Violent Unravell  Hex/Tmut       #.........   99%         5    ######.
 Iron Shot                Conj/Erth      #.........   100%        6    #######
 Orb of Destruction       Conj           #.........   100%        7    #######
 Spellforged Servitor     Conj/Summ      #.........   100%        7    #######


Dungeon Overview and Level Annotations

Branches:
Dungeon (11/15)            Temple (1/1) D:4            Lair (0/6) D:9
    Orc: D:9-12

Altars:
Ashenzari
Cheibriados
Dithmenos
Elyvilon
Fedhas
Gozag
Hepliaklqana
Kikubaaqudgha
Makhleb
Nemelex Xobeh
Okawaru
Qazlal
Ru
Sif Muna
Trog
Uskayaw
Vehumet
Wu Jian
Xom
Yredelemnul
Zin
The Shining One

Shops:
D:4 (   D:8 :   D:9 [


Innate Abilities, Weirdness & Mutations

You have a pair of large antennae on your head. (SInv)
You are partially covered in iridescent scales. (AC +2)
Your flesh is cold resistant. (rC+)
You are slightly more attuned to the shadows.
You are immune to freezing clouds.


Message History

The kobold demonologist gestures wildly while chanting.
The orc misses you. The wyvern skeleton closely misses you.
The kobold demonologist looks braver for a moment.
There is a stone staircase leading up, spattered with blood here.
The kobold demonologist hits you but does no damage.
The rust devil misses you. The wyvern skeleton closely misses you.
The wyvern skeleton bites you but does no damage.
The wyvern skeleton bites you but does no damage.
The kobold demonologist looks braver for a moment.
The kobold demonologist gestures wildly while chanting.
The wyvern skeleton completely misses you.
Found 26 sling bullets.
The kobold demonologist casts a spell.
The crimson imp blinks!
The rust devil disappears in a puff of smoke!
The wyvern skeleton closely misses you.
The white imp disappears in a puff of smoke!
The wyvern skeleton bites you!
You die... ......................^..
ZD.......................

.o.......................
...o.....................
.........................
...###...................
...# #..[..###.........
H..###....## #.....# .
.......# #.@..# .......##
##Z...#
.........###.o...##
.........†.5......#
.....................
......................
...........K........... .
#................... #
#.................


You could see a kobold demonologist, an orc, an ufetubus and a wyvern skeleton.

Vanquished Creatures
  3 two-headed ogres
  A queen ant (D:11)
  The ghost of anet the Thaumaturge, a journeyman DEWz of Ashenzari (D:10)
  An unseen horror (D:11)
  A manticore (D:11)
  Joseph (D:7)
  A centaur skeleton (D:11)
  A gargoyle (D:10)
  A troll (D:10)
  2 hippogriffs
  A shadow (D:10)
  3 wyverns
  16 yaks
  A wraith (D:11)
  A basilisk (D:11)
  11 soldier ants
  A water moccasin (D:10)
  Duvessa (D:6)
  5 orc warriors
  2 ice beasts
  4 black bears
  2 sky beasts
  5 ogres
  2 phantoms
  2 centaurs
  7 bullfrogs
  3 big kobolds
  Dowan (D:6)
  5 scorpions
  3 wights (D:9)
  4 howler monkeys
  5 crimson imps
  2 bullfrog zombies (D:8)
  A centaur zombie (D:11)
  3 gnoll shamans
  3 hounds
  11 orc priests
  17 orc wizards
  Crazy Yiuf (D:7)
  7 jellies
  3 bullfrog skeletons
  5 iguanas
  19 worker ants
  A hound zombie (D:7)
  A worker ant zombie (D:11)
  8 adders
  14 gnolls
  2 river rats (D:6)
  3 shadow imps
  An ooze (D:2)
  An adder skeleton (D:5)
  4 worms
  3 dart slugs
  6 leopard geckos
  51 orcs
  3 ball pythons (D:6)
  9 giant cockroaches
  8 goblins
  3 hobgoblins (D:2)
  5 jackals
  14 kobolds
  A quokka (D:3)
  8 bats
  7 frilled lizards
  13 rats
336 creatures vanquished.

Vanquished Creatures (others)
  A fungus (D:9)
1 creature vanquished.

Grand Total: 337 creatures vanquished

Notes
Turn   | Place    | Note
-------+----------+-------------------------------------------
     0 | D:1      | Eitelfritz the Demonspawn Gladiator began the quest for the
                  | Orb.
     0 | D:1      | Reached XP level 1. HP: 16/16 MP: 1/1
   223 | D:1      | Gained mutation: You are partially covered in iridescent
                  | scales. (AC +2) [demonic ancestry]
   223 | D:1      | Reached XP level 2. HP: 19/22 MP: 2/2
   645 | D:1      | Reached skill level 3 in Polearms
   834 | D:2      | Found a faded altar of an unknown god.
   841 | D:2      | Reached XP level 3. HP: 22/27 MP: 3/3
   942 | D:2      | Found a stormy altar of Qazlal.
  1152 | D:2      | Gained mutation: You are slightly more attuned to the
                  | shadows. [demonic ancestry]
  1152 | D:2      | Reached XP level 4. HP: 30/33 MP: 4/4
  1842 | D:3      | Reached skill level 1 in Armour
  1842 | D:3      | Reached skill level 1 in Stealth
  2115 | D:3      | Gained mutation: You have a pair of small antennae on your
                  | head. [demonic ancestry]
  2115 | D:3      | Reached XP level 5. HP: 39/39 MP: 5/5
  2658 | D:3      | Reached skill level 4 in Polearms
  3161 | D:4      | Reached XP level 6. HP: 16/46 MP: 6/6
  3370 | D:4      | Found Haovext's Antique Weapon Shoppe.
  3676 | D:4      | Found a staircase to the Ecumenical Temple.
  3960 | Temple   | Entered the Ecumenical Temple
  4149 | D:5      | Entered Level 5 of the Dungeon
  4209 | D:5      | Reached skill level 5 in Polearms
  4816 | D:5      | Gained mutation: Your flesh is cold resistant. (rC+)
                  | [demonic ancestry]
  4816 | D:5      | Reached XP level 7. HP: 43/52 MP: 7/7
  4974 | D:5      | Identified the +1 ring mail "Tiraloru" {rF+ rN+++ Dex-3
                  | SInv}
  5679 | D:5      | Reached skill level 6 in Polearms
  5976 | D:4      | Bought a runed halberd for 182 gold pieces
  6444 | D:5      | Reached XP level 8. HP: 52/60 MP: 8/8
  6603 | D:6      | Noticed Dowan
  6608 | D:6      | Noticed Duvessa
  6625 | D:6      | Killed Duvessa
  6627 | D:6      | Killed Dowan
  6686 | D:6      | Reached skill level 7 in Polearms
  6866 | D:6      | Found a hide-covered altar of Uskayaw.
  6873 | D:6      | Found a glowing golden altar of the Shining One.
  6873 | D:6      | Found an iron altar of Okawaru.
  6984 | D:6      | Found a glowing drain.
  6998 | Sewer    | Entered a sewer
  7100 | Sewer    | Found a white marble altar of Elyvilon.
  7145 | Sewer    | Reached skill level 9 in Polearms
  7145 | Sewer    | Reached skill level 5 in Armour
  7145 | Sewer    | Reached skill level 5 in Dodging
  7145 | Sewer    | Reached skill level 5 in Stealth
  7145 | Sewer    | Reached XP level 9. HP: 69/69 MP: 8/11
  7363 | D:6      | Found a snail-covered altar of Cheibriados.
  7826 | D:7      | Noticed Joseph
  7873 | D:7      | Killed Joseph
  7873 | D:7      | Gained mutation: You have a pair of antennae on your head.
                  | [demonic ancestry]
  7873 | D:7      | Reached XP level 10. HP: 40/77 MP: 12/12
  8434 | D:7      | Found a runed translucent door.
  8435 | D:7      | Noticed Crazy Yiuf
  9088 | D:7      | Killed Crazy Yiuf
  9645 | D:8      | Found a white marble altar of Elyvilon.
  9645 | D:8      | Found a shadowy altar of Dithmenos.
  9646 | D:8      | Found a glowing silver altar of Zin.
  9923 | D:8      | Reached skill level 10 in Polearms
 10370 | D:8      | Noticed a two-headed ogre
 10387 | D:8      | Killed a two-headed ogre
 10554 | D:8      | Found Kilun's Book Shoppe.
 10564 | D:8      | Learned a level 1 spell: Confusing Touch
 11251 | D:8      | Became a worshipper of Dithmenos the Shadowed
 11553 | D:4      | Bought a smoking glaive for 299 gold pieces
 11554 | D:4      | Identified the +3 glaive "Killer Bee's Foe" {chop, Fragile
                  | rPois rC+ Int+6} (You bought it in a shop on level 4 of the
                  | Dungeon)
 11740 | D:9      | Gained mutation: You are immune to freezing clouds.
                  | [demonic ancestry]
 11740 | D:9      | Reached XP level 11. HP: 83/84 MP: 13/13
 11763 | D:9      | Found a staircase to the Lair.
 11812 | D:9      | Found Deron's Antique Armour Boutique.
 11941 | D:9      | Noticed a two-headed ogre
 11945 | D:9      | Killed a two-headed ogre
 12162 | D:9      | Reached skill level 11 in Polearms
 12175 | D:9      | Found a glowing golden altar of the Shining One.
 12211 | D:9      | Reached * piety under Dithmenos
 12449 | D:9      | Bought a translucent scale mail for 189 gold pieces
 12460 | D:9      | Identified the cursed +0 scale mail of Quantum Leap {Int+3
                  | Dex+4} (You bought it in a shop on level 9 of the Dungeon)
 12498 | D:10     | Entered Level 10 of the Dungeon
 12957 | D:10     | Noticed a two-headed ogre
 12965 | D:10     | Killed a two-headed ogre
 13446 | D:10     | Found a runed translucent door.
 13451 | D:10     | Noticed anet's ghost (journeyman DEWz)
 13469 | D:10     | Killed anet's ghost
 13726 | D:10     | Reached ** piety under Dithmenos
 13773 | D:11     | Noticed an unseen horror
 13775 | D:11     | Killed an unseen horror
 13866 | D:11     | Reached skill level 12 in Polearms
 14338 | D:11     | Gained mutation: You have a pair of large antennae on your
                  | head. (SInv) [demonic ancestry]
 14338 | D:11     | Reached XP level 12. HP: 94/94 MP: 14/14
 14517 | D:11     | Noticed a queen ant
 14527 | D:11     | Killed a queen ant
 14645 | D:11     | Noticed a four-headed hydra
 14695 | D:10     | Learned a level 1 spell: Magic Dart
 14791 | D:11     | Slain by a wyvern skeleton

Levels and vault maps discovered:
D:1:      dpeg_arrival_three_bigger_balls, layout_loops_cross, roderic_lattice_a
D:2:      layout_loops_cross, chequers_ecumenical_altar_simple,
          grunt_qazlal_clouds
D:3:      layout_rooms
D:4:      layout_basic, minmay_temple_entry_waves, serial_corexii_hall,
          corexii_hall_statues_i, corexii_hall_statues_x, serial_shops, shop,
          minmay_misc_feat_doors
D:5:      layout_basic, first_ration, minmay_circle_x
D:6:      layout_basic, grunt_temple_overflow_open, portal_sewer_entry_e,
          chei_slow_surprise, uniq_duvessa
D:7:      layout_loops_corners, uniq_joseph, uniq_crazy_yiuf_cottage
D:8:      minmay_goldmine, layout_basic,
          chequers_temple_overflow_statue_of_worship, serial_shops,
          shop_fountains, blue_anna_alchemist [blue_anna_fruit_fields,
          blue_anna_fruit_fields]
D:9:      minmay_spotlight, layout_loops_ring, grunt_lair_entry_orc_guard_hut,
          basic_altar, serial_shops, shop, statue_in_the_mist_lemuel
D:10:     layout_roguey, ebering_ghost_reflecting_pool
D:11:     layout_big_octagon, minivault_29
Temple:   eino_temple_scatter_basement

Skill      XL: |  1  2  3  4  5  6  7  8  9 10 11 12 |
---------------+-------------------------------------+-----
Dodging        | 3 4 5 6 |  6.7
Polearms       | 3 4 5 6 9 10 12 | 12.4
Throwing       | 2 4 |  4.0
Armour         | 1 2 3 5 6 |  6.6
Stealth        | 1 2 5 6 |  6.5
Fighting       | 3 4 6 7 8 9 |  9.0
Evocations     | 3 |  3.6
Bows           | |  0.4
Spellcasting   | |  0.7
Hexes          | |  0.3

Action                   |  1- 3 |  4- 6 |  7- 9 | 10-12 || total
-------------------------+-------+-------+-------+-------++-------
Melee: Trident           |   100 |   310 |   106 |     2 ||   518
       Halberd           |       |       |   134 |   259 ||   393
       Glaive            |       |       |       |   410 ||   410
 Fire: Shortbow          |       |       |     2 |       ||     2
 Cast: Confusing Touch   |       |       |       |     3 ||     3
Invok: Shadow Step       |       |       |       |     1 ||     1
  Use: Scroll            |       |     6 |     7 |     7 ||    20
       Potion            |       |     3 |     1 |     3 ||     7
 Stab: Sleeping          |     1 |     9 |    11 |    26 ||    47
       Distracted        |       |     1 |     2 |     2 ||     5
       Confused          |       |       |       |     1 ||     1
  Eat: Chunk             |     1 |     8 |     4 |    16 ||    29
       Ration            |       |     1 |     2 |     2 ||     5
Armor: Leather armour    |    29 |    80 |     1 |       ||   110
       Ring mail         |       |       |    58 |   216 ||   274
Dodge: Dodged            |    54 |   197 |   107 |   528 ||   886

Table legend:
 A = Non-vault XP
 B = Vault XP
 C = Vault XP percentage of total XP
 D = Non-vault monster count
 E = Vault monster count
 F = Vault count percentage of total count
                 A         B        C        D         E       F
            +---------+---------+-------+---------+---------+-------
      Total |   16865 |    5733 |  25.4 |     272 |      64 |  19.0
            +---------+---------+-------+---------+---------+-------
        D:1 |      23 |       0 |   0.0 |      15 |       0 |   0.0
        D:2 |     123 |       0 |   0.0 |      32 |       0 |   0.0
        D:3 |     107 |       0 |   0.0 |      20 |       0 |   0.0
        D:4 |     319 |       0 |   0.0 |      13 |       0 |   0.0
        D:5 |     995 |      55 |   5.2 |      29 |       2 |   6.5
        D:6 |     579 |     273 |  32.0 |      21 |      11 |  34.4
        D:7 |    1420 |     521 |  26.8 |      34 |       2 |   5.6
        D:8 |    3384 |     394 |  10.4 |      36 |      12 |  25.0
        D:9 |    2005 |     611 |  23.4 |      17 |       6 |  26.1
       D:10 |    5510 |    2017 |  26.8 |      40 |      14 |  25.9
       D:11 |    2400 |    1763 |  42.3 |      15 |       9 |  37.5
      Sewer |       0 |      99 | 100.0 |       0 |       8 | 100.0
            +---------+---------+-------+---------+---------+-------
